 Dungeon Crawl Stone Soup version 0.30-a0-800-g7c544603b3 (webtiles) character file.

Game seed: 13656568156528977644

23 cforsyth the Ducker (level 3, -1/22 HPs)
             Began as a Kobold Gladiator on Feb 21, 2023.
             Slain by a gnoll
             ... wielding a +0 flail
              (7 damage)
             ... on level 2 of the Dungeon.
             The game lasted 00:00:40 (1214 turns).

cforsyth the Ducker (Kobold Gladiator)              Turns: 1214, Time: 00:00:40

Health: -1/22      AC:  4    Str: 11    XL:     3   Next: 12%
Magic:  3/3        EV: 16    Int:  9    God:
Gold:   36         SH:  0    Dex: 18    Spells: 2/2 levels left

rFire   . . .      SeeInvis .    a - +0 long sword
rCold   . . .      Faith    .    (no shield)
rNeg    . . .      Spirit   .    b - +0 leather armour
rPois   .          Reflect  .    c - +0 helmet
rElec   .          Harm     .    (no cloak)
rCorr   .          Rampage  .    (no gloves)
Will    .....                    (no boots)
Stlth   +++                      (no amulet)
HPRegen 0.23/turn                (no ring)
MPRegen 0.08/turn                (no ring)

@: no status effects
A: small, no large weapons, nightstalker 3
a: no special abilities


You were on level 2 of the Dungeon.
You visited 1 branch of the dungeon, and saw 2 of its levels.

You collected 36 gold pieces.

Inventory:

Hand Weapons
 a - a +0 long sword (weapon)
Missiles
 d - 3 throwing nets (quivered)
 e - 2 boomerangs
Armour
 b - a +0 leather armour (worn)
 c - a +0 helmet (worn)
Jewellery
 g - an amulet of reflection
Scrolls
 f - a scroll of vulnerability {unknown}
 h - a scroll of identify {unknown}
Potions
 i - a potion of haste {unknown}


   Skills:
 + Level 2.6 Fighting
 + Level 2.7 Long Blades
 - Level 2.1 Throwing
 + Level 4.0 Dodging
 + Level 1.6 Stealth


You had 2 spell levels left.
You didn't know any spells.
Your spell library was empty.

Dungeon Overview and Level Annotations

Branches:
Dungeon (2/15)

Altars:


Innate Abilities, Weirdness & Mutations

You are small and have problems with some larger weapons.
You are completely attuned to the shadows.


Message History

No target in view!
No target in view!
No target in view!
No target in view!
Done exploring.
Done exploring.
Done exploring.
(D) Dungeon
Where to? (? - help)
There is a stone staircase leading down here.
You climb downwards.
Found a scroll labelled VYTOFU KEAQ.
There is a stone staircase leading up here.
There are monsters nearby!
The gnoll shouts! x2
You slash the gnoll!
The gnoll is severely wounded.
A worm comes into view.
The gnoll hits you with a +0 club.
You hit the gnoll but do no damage.
The gnoll is severely wounded.
The gnoll hits you but does no damage. The gnoll hits you with a +0 club.
The gnoll misses you.
You barely miss the gnoll.
The gnoll is severely wounded.
The gnoll closely misses you. The gnoll barely misses you. x2
You slash the gnoll!
You kill the gnoll!
The gnoll hits you with a +0 flail!
Ouch! That really hurt!
* * * LOW HITPOINT WARNING * * *
The gnoll completely misses you.
Your Dodging skill increases to level 4!
You have reached level 3!
Your experience leads to an increase in your attributes!
Increase (S)trength, (I)ntelligence, or (D)exterity?
You feel agile. x2
There is a stone staircase leading up here.
The gnoll hits you with a +0 flail!
You die...

#....
##...##
###......
##...g....
....@g....
...#.#w.?.
##...#....
#####....
....


You could see a worm and 2 gnolls.

Vanquished Creatures
  A gnoll (D:2)
  A dart slug (D:1)
  2 endoplasms (D:1)
  A goblin (D:1)
  A hobgoblin (D:1)
  A kobold (D:1)
  A quokka (D:1)
  A ball python (D:1)
  2 bats (D:1)
  A rat (D:1)
12 creatures vanquished.

Notes
Turn   | Place    | Note
-------+----------+-------------------------------------------
     0 | D:1      | cforsyth the Kobold Gladiator began the quest for the Orb.
     0 | D:1      | Reached XP level 1. HP: 12/12 MP: 1/1
   335 | D:1      | Reached XP level 2. HP: 18/18 MP: 2/2
   486 | D:1      | Reached skill level 1 in Stealth
  1213 | D:2      | Reached skill level 4 in Dodging
  1213 | D:2      | Reached XP level 3. HP: 5/22 MP: 3/3
  1214 | D:2      | Slain by a gnoll

Illustrated notes

Levels and vault maps discovered:
D:1:      dpeg_arrival_shrine, layout_basic
D:2:      minmay_general_purpose_star, layout_basic, serial_shops,
          nicolae_shop_crystal, minmay_randomly_rotated_circles

Skill      XL: |  1  2 |
---------------+-------+-----
Stealth        | 1 |  1.6
Dodging        | 4 |  4.0
Fighting       | |  2.6
Long Blades    | |  2.7
Throwing       | |  2.1

Action                     || total
---------------------------++-------
  Melee: Long sword        ||    25
   Stab: Sleeping          ||     8
 Armour: Leather armour    ||     3
  Dodge: Dodged            ||    13

Table legend: (Time is in decaauts)
 A = Elapsed time spent in this place.
 B = Non-inter-level travel time spent in this place.
 C = Inter-level travel time spent in this place.
 D = Time resting spent in this place.
 E = Time spent auto-exploring this place.
 F = Levels seen in this place.
 G = Mean time per level.
                   A        B        C        D        E       F      G
               +--------+--------+--------+--------+--------+-----+--------+
         Total |   1222 |   1190 |     32 |      0 |   1109 |   2 |  611.0 |
       Dungeon |   1222 |   1190 |     32 |      0 |   1109 |   2 |  611.0 |
               +--------+--------+--------+--------+--------+-----+--------+

Top non-repeatable levels by time:
     D:1: 1215 daAuts
     D:2: 7 daAuts
